Map: Ascension to Aiur LE

Players

Winthrowe - Winner!

  • Race: Zerg Zerg
  • League: Silver
  • Spawn Location: 5:00

Daniel

  • Race: Terran Terran
  • League: Silver
  • Spawn Location: 11:00

VOD

Have the link to the VOD?

Description

Time

  • Played on: Aug. 18, 2017, 7:46 p.m.
  • Length: 5:23
Show
View Real Time Build Order
Export as new Build Order

Winthrowe Zerg - Winner!

Build Orders: Pool First 

Get SALT Encoding   

  12  0:03  Drone  
  13  0:17  Overlord  
  13  0:18  Drone  
  14  0:25  Extractor  
  13  0:28  Drone  
  13  0:35  Drone  
  15  0:50  Spawning Pool  
  15  0:51  Drone  
  15  0:54  Drone  
  16  1:06  Drone  
  17  1:15  Drone  
  18  1:34  Drone  
  18  1:38  Hatchery  
  18  1:44  Lair  
  18  2:01  Drone  
  19  2:02  Drone x2  
  21  2:17  Metabolic Boost  
  21  2:31  Evolution Chamber  
  20  2:38  Extractor  
  19  2:52  Drone x4  
  19  2:56  Queen x2  
  27  3:04  Drone  
  28  3:05  Overlord  
  28  3:13  Overlord  
  28  3:21  Zerg Ground Armor Level 1  
  28  3:30  Zergling x6  
  31  4:03  Zergling x2  
  31  4:04  Zergling x10  
  37  4:21  Zergling x2  
  37  4:22  Zergling x8  
  42  4:34  Zergling x4  
  42  4:38  Overlord x3  
Show
View Real Time Build Order
Export as new Build Order

Daniel Terran 

Build Orders:  

Get SALT Encoding   

  12  0:13  Supply Depot  
  12  0:21  SCV  
  13  0:33  SCV  
  14  0:38  Barracks  
  14  0:46  SCV  
  15  0:50  Refinery  
  15  0:55  Refinery  
  15  0:58  SCV  
  16  1:14  SCV  
  17  1:26  SCV, Supply Depot  
  17  1:28  Barracks Tech Lab  
  18  1:43  Orbital Command  
  18  1:49  Marine  
  19  2:01  Stimpack  
  19  2:07  Marine  
  20  2:11  SCV  
  21  2:24  SCV  
  22  2:32  Command Center  
  22  2:34  Marine  
  23  2:44  Barracks  
  23  2:52  Marine  
  24  3:06  SCV  
  25  3:19  SCV  
  26  3:22  Marine  
  27  3:31  SCV  
  28  3:34  Supply Depot  
  27  3:44  Barracks Reactor  
  27  3:46  Marine  
  27  3:51  SCV  
  28  4:03  SCV  
  28  4:04  Marine  
  28  4:07  Supply Depot  
  30  4:15  SCV  
  31  4:20  Marine x2  
  31  4:22  Marine  
  34  4:27  SCV  
  35  4:34  Factory  
  35  4:35  Barracks  
  35  4:39  Marine, SCV  
  37  4:51  SCV  
  30  5:03  SCV  
Tags
 
Add a new tag
Caveats
  • Supply blocks, unpowered buildings, or Contaminate may cause inaccurate times.
  • Supply counts are checked every 10 seconds.